 Dungeon Crawl Stone Soup version 0.28-a0-804-g60983d4ba9 (webtiles) character file.

Game seed: 4994914969348601933

233 cheechan the Skirmisher (level 6, -1/57 HPs)
             Began as a Naga Fighter on Nov 8, 2021.
             Killed from afar by an orc wizard (4 damage)
             ... with a puff of flame
             ... on level 4 of the Dungeon.
             The game lasted 00:10:41 (2713 turns).

cheechan the Skirmisher (Naga Fighter)              Turns: 2713, Time: 00:10:41

Health: -1/57      AC:  9    Str: 18    XL:     6   Next: 5%
Magic:  6/6        EV:  7    Int:  8    God:
Gold:   93         SH:  4    Dex: 13    Spells: 5/5 levels left

rFire   . . .      SeeInvis +   h - +1 spear (vamp)
rCold   . . .      Faith    .   c - +0 buckler
rNeg    . . .      Spirit   .   b - +0 scale mail
rPois   +          Reflect  .   f - +2 helmet
rElec   .          Harm     .   (no cloak)
rCorr   .          Rampage  .   (no gloves)
Will    .....                   (no barding)
Stlth   ..........              (no amulet)
HPRegen 0.19/turn               (no ring)
MPRegen 0.10/turn               (no ring)

@: mighty, very slow
A: AC +2, large, see invisible, deformed body, poison resistance, slowness 2,
spit poison 1, naga tail 1, high mp 1, MP-powered wands
a: Spit Poison


You were on level 4 of the Dungeon.
You visited 1 branch of the dungeon, and saw 4 of its levels.

You collected 93 gold pieces.

Inventory:

Hand Weapons
 a - a +0 war axe
 g - a +3 dagger of draining
 h - a +1 vampiric spear (weapon)
Missiles
 e - 18 arrows
 i - 11 bolts
Armour
 b - a +0 scale mail (worn)
 c - a +0 buckler (worn)
 f - a +2 helmet (worn)
Scrolls
 j - a scroll of teleportation
Potions
 k - 2 potions of degeneration {unknown}


   Skills:
 + Level 3.8 Fighting
 + Level 0.6 Short Blades
 + Level 2.4(2.7) Axes
 + Level 1.4(2.2) Polearms
 + Level 3.7 Armour
 + Level 0.9 Dodging
 + Level 1.3 Stealth
 + Level 3.0 Shields


You had 5 spell levels left.
You didn't know any spells.
Your spell library contained the following spells:

 Spells                   Type           Power      Damage    Failure   Level
 Ozocubu's Armour         Ice            0%         N/A       99%         3
 Tukima's Dance           Hex            0%         N/A       99%         3
 Passage of Golubria      Tloc           0%         N/A       100%        4
 Yara's Violent Unravell  Hex/Tmut       0%         3d3       100%        5
 Ozocubu's Refrigeration  Ice            0%         4d5       100%        7


Dungeon Overview and Level Annotations

Branches:
Dungeon (4/15)
 Temple: D:4-7

Altars:

Shops:
D:1 ?   D:2 =   D:3 *


Innate Abilities, Weirdness & Mutations

Your serpentine skin is tough. (AC +2)
You have supernaturally acute eyesight. (SInv)
Armour fits poorly on your strangely shaped body.
Your system is resistant to poisons. (rPois)
You cover ground very slowly.
You can spit poison.
You have a snake-like lower body.
You have an increased reservoir of magic. (+10% MP)
You expend magic power (3 MP) to strengthen your wands.


Message History

You closely miss the orc wizard.
The orc wizard hits you but does no damage.
The orc barely misses you.
You bump into the rock wall.
The orc wizard gestures at you while chanting.
The magic dart hits you.
* * * LOW HITPOINT WARNING * * *
The orc hits you but does no damage.
You puncture the orc!
You kill the orc!
You feel less confused.
The orc wizard hits you but does no damage.
You puncture the orc wizard!
You feel better.
The orc wizard is heavily wounded.
The orc wizard hits you but does no damage.
Your scale mail prevents you from hitting the orc wizard.
The orc wizard is heavily wounded.
The orc wizard hits you but does no damage.
The orc priest looks satisfied for a moment.
An orc comes into view. It is wielding a +0 club.
You hit the orc wizard.
The orc wizard is almost dead.
The orc wizard hits you but does no damage.
The orc priest mumbles some strange prayers to Beogh against you.
Beogh smites you!
* * * LOW HITPOINT WARNING * * *
You closely miss the orc wizard.
The orc wizard is almost dead.
The orc wizard hits you with a +0 dagger.
* * * LOW HITPOINT WARNING * * *
You closely miss the orc wizard.
The orc wizard is almost dead.
The orc wizard gestures at you while chanting.
The puff of flame hits you.
* * * LOW HITPOINT WARNING * * *
You closely miss the orc wizard.
The orc wizard is almost dead.
The orc wizard gestures at you while chanting.
The puff of flame hits you.
You die...

##### #=..# #######
#...# #...... #...#
#...... #...######
#......
#######...##...#
#......
......ooo.##...#
#......
##....#o####...#
#...... #... #@#
#...####.###. #..
#)####...#....# #. #.
#....'........# #.
..........##........#
#.
..#######..#........#
#.
...###.#........###.
....................
...###..###......##.
##.# #......##.


You could see an orc priest, an orc wizard (invisible) and 2 orcs.

Vanquished Creatures
  A phantom (D:3)
  A hound (D:4)
  An iguana (D:3)
  2 adders (D:3)
  A worm (D:3)
  An adder skeleton (D:4)
  3 dart slugs
  2 orcs
  7 endoplasms
  3 giant cockroaches
  5 goblins
  8 hobgoblins
  2 jackals (D:3)
  7 kobolds
  3 quokkas
  10 ball pythons
  8 bats
  A frilled lizard (D:3)
  2 rats
68 creatures vanquished.

Vanquished Creatures (others)
  14 plants (D:1)
14 creatures vanquished.

Grand Total: 82 creatures vanquished

Notes
Turn   | Place    | Note
-------+----------+-------------------------------------------
     0 | D:1      | cheechan the Naga Fighter began the quest for the Orb.
     0 | D:1      | Reached XP level 1. HP: 21/21 MP: 1/1
   141 | D:1      | Reached XP level 2. HP: 24/28 MP: 2/2
   359 | D:1      | Reached XP level 3. HP: 34/34 MP: 3/3
   412 | D:1      | Gained mutation: You have an increased reservoir of magic.
                  | (+10% MP) [potion of mutation]
   412 | D:1      | Gained mutation: You expend magic power (3 MP) to
                  | strengthen your wands. [potion of mutation]
   444 | D:1      | Found Dadufin's Magic Scroll Boutique.
  1011 | D:2      | Found Nugugh's Jewellery Boutique.
  1308 | D:2      | Found a faded altar of an unknown god.
  1727 | D:3      | Reached XP level 4. HP: 16/42 MP: 4/4
  1795 | D:3      | Found Rocodir's Assorted Antiques.
  1832 | D:3      | Noticed a phantom
  1854 | D:3      | Killed a phantom
  1855 | D:3      | Reached XP level 5. HP: 5/50 MP: 5/5
  2294 | D:3      | Reached skill level 1 in Stealth
  2403 | D:3      | Reached skill level 1 in Polearms
  2605 | D:4      | Reached XP level 6. HP: 54/57 MP: 6/6
  2712 | D:4      | HP: 2/57 [orc wizard/puff of flame (5)]
  2713 | D:4      | Killed from afar by an orc wizard

Illustrated notes

Levels and vault maps discovered:
D:1:      nzn_arrival_crosshair, layout_loops_ring, serial_shops, shop,
          serial_bayou_pond_c, minmay_misc_feat_columns,
          hangedman_feature_mirror, nrook_uturn
D:2:      layout_basic, hellmonk_ecumenical_altar_heavens_door, serial_shops,
          nicolae_shop_trees
D:3:      layout_basic, serial_shops, shop, palyth_stone_intersect
D:4:      layout_basic, chequers_serial_rivers_micro_e, uniq_robin

Skill      XL: |  1  2  3  4  5 |
---------------+----------------+-----
Armour         | 3 |  3.7
Stealth        | 1 |  1.3
Polearms       | 1 |  1.4
Shields        | 3 |  3.0
Fighting       | |  3.8
Short Blades   | |  0.6
Axes           | |  2.4
Dodging        | |  0.9

Action                   |  1- 3 |  4- 6 || total
-------------------------+-------+-------++-------
Melee: War axe           |    57 |       ||    57
       Dagger            |    52 |       ||    52
       Spear             |    25 |   117 ||   142
 Abil: Spit Poison       |     6 |     7 ||    13
  Use: Scroll            |     6 |     1 ||     7
       Potion            |     1 |     1 ||     2
Armor: Scale mail        |    76 |    59 ||   135
Dodge: Dodged            |    71 |    35 ||   106
Block: Buckler           |    33 |    17 ||    50

Table legend: (Time is in decaauts)
 A = Elapsed time spent in this place.
 B = Non-inter-level travel time spent in this place.
 C = Inter-level travel time spent in this place.
 D = Time resting spent in this place.
 E = Time spent auto-exploring this place.
 F = Levels seen in this place.
 G = Mean time per level.
                   A        B        C        D        E       F      G
               +--------+--------+--------+--------+--------+-----+--------+
         Total |   3601 |   3601 |      0 |    280 |      0 |   4 |  900.2 |
       Dungeon |   3601 |   3601 |      0 |    280 |      0 |   4 |  900.2 |
               +--------+--------+--------+--------+--------+-----+--------+

Top non-repeatable levels by time:
     D:1: 1353 daAuts
     D:3: 1069 daAuts
     D:2: 911 daAuts
     D:4: 266 daAuts
